Map: King's Cove LE

Players

KillJoy - Winner!

  • Race: Zerg Zerg
  • League: Master
  • Spawn Location: 5:00

PooH

  • Race: Terran Terran
  • League: Diamond
  • Spawn Location: 11:00

VOD

Have the link to the VOD?

Description

Time

  • Played on: April 4, 2019, 6:56 a.m.
  • Length: 11:38
Show
View Real Time Build Order
Export as new Build Order

KillJoy Zerg - Winner!

Build Orders: Pool First 

Get SALT Encoding   

  12  0:01  Drone  
  13  0:13  Overlord  
  13  0:18  Drone  
  14  0:31  Drone x2  
  17  0:35  Drone  
  17  0:47  Spawning Pool  
  16  0:51  Drone  
  17  1:13  Hatchery  
  17  1:15  Drone  
  17  1:24  Extractor  
  16  1:34  Zergling x6  
  16  1:37  Queen  
  21  1:47  Drone  
  22  2:09  Overlord  
  22  2:24  Queen x2  
  22  2:25  Metabolic Boost  
  26  2:32  Drone x3  
  26  2:35  Drone  
  30  2:46  Drone x2  
  32  3:04  Hatchery  
  31  3:12  Overlord  
  31  3:15  Overlord  
  31  3:24  Drone x5  
  36  3:30  Overlord  
  36  3:38  Drone x2  
  38  3:46  Drone x2  
  38  3:47  Drone x2  
  42  3:52  Drone  
  43  3:57  Drone  
  43  4:00  Queen, Pneumatized Carapace  
  46  4:10  Overlord  
  46  4:12  Overlord  
  46  4:15  Drone x4  
  50  4:24  Drone x5  
  50  4:29  Overlord  
  54  4:40  Extractor  
  54  4:47  Queen  
  54  4:48  Queen x2  
  54  4:50  Drone x4  
  54  4:51  Drone  
  65  4:55  Zergling x6  
  68  5:08  Drone x2  
  68  5:11  Evolution Chamber, Overlord  
  68  5:12  Evolution Chamber  
  68  5:16  Zergling x2  
  68  5:17  Zergling x10  
  74  5:23  Zergling x4  
  76  5:32  Drone  
  76  5:33  Drone  
  76  5:34  Zergling x2  
  79  5:42  Zergling x4  
  81  5:43  Zergling x10  
  81  5:45  Zerg Ground Armor Level 1, Zerg Melee Weapons Level 1  
  65  6:06  Zergling x18  
  68  6:38  Zergling x2  
  68  6:39  Zergling x24  
  81  6:43  Hatchery  
  81  6:45  Lair  
  80  6:47  Hatchery  
  80  6:50  Extractor  
  80  6:52  Queen x2  
  82  6:56  Zergling x6  
  82  6:58  Extractor  
  82  7:05  Spore Crawler  
  78  7:13  Drone x2  
  78  7:14  Drone x3, Spore Crawler  
  82  7:18  Drone x2  
  82  7:20  Drone  
  85  7:32  Drone x5  
  85  7:34  Overlord x5  
  90  7:42  Baneling Nest  
  87  7:59  Zergling x4  
  87  8:00  Zergling x14  
  87  8:01  Extractor  
  87  8:03  Drone x3  
  98  8:07  Zerg Melee Weapons Level 2  
  98  8:13  Zerg Ground Armor Level 2  
  98  8:35  Zergling x24  
  98  8:36  Zergling x6  
  90  8:51  Zergling x6  
  90  8:52  Zergling x16  
  98  9:03  Drone x2  
  98  9:04  Drone x4  
  98  9:05  Drone x3  
  107  9:10  Centrifical Hooks  
  107  9:35  Drone x9  
  107  9:36  Drone x9  
  125  9:38  Extractor  
  125  9:40  Extractor  
  123  10:06  Infestation Pit  
  122  10:08  Zergling x2  
  122  10:09  Zergling x22  
  122  10:13  Overlord x2  
  122  10:14  Overlord x5  
  122  10:27  Baneling x3  
  122  10:28  Baneling x3  
  102  10:29  Baneling x5  
  102  10:30  Baneling x4  
  102  10:32  Zergling x4  
  102  10:33  Zergling x14  
  102  10:34  Zergling x2  
  111  10:41  Zergling x2  
  111  10:42  Zergling x10  
  118  10:49  Infestation Pit  
  95  11:04  Zergling x2  
  95  11:05  Zergling x20  
  100  11:18  Baneling x3  
  100  11:19  Baneling x3  
Show
View Real Time Build Order
Export as new Build Order

PooH Terran 

Build Orders: Reaper Expand 

Get SALT Encoding   

  12  0:01  SCV  
  13  0:13  SCV  
  14  0:18  Supply Depot  
  14  0:25  SCV  
  15  0:39  SCV  
  15  0:41  Barracks  
  16  0:46  Refinery  
  16  0:52  SCV  
  17  1:04  SCV  
  18  1:16  SCV  
  19  1:29  Orbital Command, Reaper  
  20  1:45  Command Center  
  20  1:59  Barracks  
  20  2:06  Barracks Reactor  
  21  2:08  SCV  
  21  2:13  Supply Depot  
  21  2:20  SCV  
  22  2:25  Factory  
  22  2:30  Refinery  
  22  2:34  SCV  
  23  2:44  Marine  
  23  2:45  Marine  
  23  2:46  SCV  
  26  2:51  Barracks Tech Lab  
  26  2:58  SCV  
  27  2:59  Orbital Command  
  27  3:05  Orbital Command  
  27  3:10  SCV, Marine x3  
  30  3:28  Marine  
  30  3:29  Marine x2  
  30  3:30  SCV  
  30  3:33  Factory Reactor  
  34  3:34  Starport  
  34  3:40  SCV  
  35  3:42  Stimpack  
  35  3:48  Marine x2  
  35  3:50  SCV  
  38  3:55  SCV  
  38  3:57  Marine  
  38  4:01  Supply Depot  
  40  4:03  SCV  
  40  4:08  SCV  
  40  4:09  Marine x2  
  44  4:16  SCV  
  45  4:19  Medivac  
  45  4:20  SCV  
  45  4:22  Factory Tech Lab  
  45  4:24  Medivac  
  50  4:28  SCV  
  50  4:30  Supply Depot  
  51  4:32  SCV  
  51  4:34  Marine  
  53  4:38  Marine  
  53  4:39  Marine  
  53  4:45  SCV x2  
  57  4:51  Marine  
  58  4:53  Liberator  
  58  4:56  Marine  
  58  4:57  SCV, Supply Depot  
  60  5:03  Marine  
  61  5:11  SCV x2  
  66  5:19  Barracks, Factory Reactor  
  66  5:20  Barracks  
  66  5:23  SCV x2  
  66  5:24  Barracks, Supply Depot  
  66  5:28  Marine x3  
  71  5:43  Combat Shield  
  71  5:46  Marine x2  
  71  5:47  Marine  
  71  5:59  Supply Depot  
  71  6:04  Marine  
  70  6:14  Marine  
  71  6:20  Barracks Reactor x2  
  55  6:35  Marine  
  55  6:36  Marine x3  
  55  6:39  Siege Tank  
  61  6:40  Marauder  
  61  6:41  Medivac x2  
  61  6:42  SCV x2  
  69  6:52  Bunker  
  69  6:54  SCV x2  
  69  6:56  Marine x3  
  69  6:57  Marine x5  
  78  7:02  Engineering Bay  
  78  7:06  SCV x2, Supply Depot  
  80  7:12  Supply Depot  
  80  7:18  SCV, Siege Tank  
  80  7:19  Marine  
  80  7:20  Marine x6  
  91  7:32  Refinery, Supply Depot, Marine x2  
  91  7:34  Supply Depot  
  91  7:36  Terran Infantry Weapons Level 1  
  93  7:45  Marine  
  93  7:46  Marine x6  
  93  7:50  Marine x2  
  102  7:55  Siege Tank  
  102  7:59  Supply Depot  
  102  8:03  Marine x5  
  102  8:04  Marine x2  
  109  8:06  Medivac  
  111  8:17  Marine  
  111  8:19  Marauder  
  114  8:24  Supply Depot x2  
  114  8:25  Command Center  
  114  8:27  Marine  
  115  8:42  Marine x5  
  115  8:43  Marine x3, Siege Tank  
  115  8:44  Medivac  
  115  8:45  Marine  
  91  8:51  Medivac  
  83  9:00  Marine x3  
  83  9:02  Marine x5  
  91  9:03  Marine  
  91  9:07  Concussive Shells  
  92  9:10  SCV  
  92  9:11  SCV  
  94  9:18  Marine x2  
  94  9:23  SCV  
  97  9:28  Marine  
  97  9:29  Marine x6  
  97  9:30  Terran Infantry Armor Level 1  
  104  9:34  Siege Tank  
  104  9:35  Marine  
  104  9:36  Marine  
  99  9:46  Marine x3  
  99  9:47  Marine x4  
  106  9:54  Marine  
  106  9:55  Marine  
  108  10:04  Marine x6  
  108  10:05  Marine  
  115  10:21  Marine  
  116  10:24  Marine x8  
  115  10:43  Siege Tank  
  115  10:45  Marine  
  109  11:02  Marine  
  109  11:03  Marine x4  
Tags
 
Add a new tag
Caveats
  • Supply blocks, unpowered buildings, or Contaminate may cause inaccurate times.
  • Supply counts are checked every 10 seconds.